 Dungeon Sprint DCSS version 0.14-a0-3376-gf173aa4 (webtiles) character file.

5996 BluebellGnoll the Unseen (level 10, -2/44 HPs)
             Began as a Spriggan Enchanter on Mar 20, 2014.
             Was the Champion of Sif Muna.
             Slain by Gastronok (33 damage)
             ... in the Dungeon (Sprint IX: "|||||||||||||||||||||||||||||").
             The game lasted 00:14:06 (1207 turns).

BluebellGnoll the Unseen (Spriggan Enchanter)       Turns: 1207, Time: 00:14:06

HP  -2/44        AC  4     Str  7      XL: 10   Next: 55%
MP  31/35        EV 29     Int 21      God: Sif Muna [******]
Gold 27          SH  0     Dex 16      Spells:  8 memorised, 16 levels left

rFire  . . .     SeeInvis +     r - +2 cutlass (drain)
rCold  . . .     Clarity  .     b - +1 robe
rNeg   . . .     Conserve .     (shield restricted)
rPois  .         rCorr    .     (helmet restricted)
rElec  .         rRot     .     c - +0 cloak
SustAb . .       Spirit   .     (gloves unavailable)
rMut   .         Warding  .     (boots unavailable)
Saprov . . .     NoTele   +     (no amulet)
MR     +....                    q - +3 ring of strength
                                p - +2 ring of evasion

@: silence, very quick, somewhat resistant to hostile enchantments,
extraordinarily stealthy
A: unfitting armour, see invisible, herbivore 3, speed 3, slow metabolism 2
a: no special abilities


You were in the Dungeon.
You worshipped Sif Muna.
Sif Muna was exalted by your worship.
You were completely stuffed.

You visited 1 branch You collected 27 gold pieces.

Inventory:

Hand weapons
 a - a +1,+1 dagger
 r - a +2,+2 cutlass of draining (weapon)
Missiles
 d - 12 darts (quivered)
Armour
 b - a +1 robe (worn)
 c - a +0 cloak (worn)
Magical devices
 o - a wand of cold (2)
Comestibles
 v - 5 bread rations
Scrolls
 k - 5 scrolls of blinking
 m - 3 scrolls of remove curse
 n - 2 scrolls of amnesia
 w - a scroll of fear
 x - a scroll of fog
 y - 3 scrolls of enchant armour
Jewellery
 p - a +2 ring of evasion (left hand)
 q - a +3 ring of strength (right hand)
Potions
 e - a potion of porridge
 f - 3 potions of curing
 g - 2 potions of heal wounds
 h - a potion of haste
 i - 2 potions of magic
 j - a potion of berserk rage
 l - a potion of invisibility
 t - a potion of might
 u - a potion of resistance
Books
 B - a book of Enchantments

   Spells                             Type                      Level
   Cause Fear                         Hexes                        4
   *Silence                           Hexes/Air                    5
   Tukima's Dance                     Hexes                        5
   Deflect Missiles                   Charms/Air                   6
   Haste                              Charms                       6
   Discord                            Hexes                        8


   Skills:
 - Level 10.5 Short Blades
 - Level 1.1 Throwing
 + Level 11.9 Dodging
 - Level 19.2 Stealth
 - Level 16.0 Spellcasting
 - Level 13.0 Hexes


You had 16 spell levels left.
You knew the following spells:

 Your Spells              Type           Power        Failure   Level  Hunger
a - Corona                Hex            ######.      0%          1    None
b - Ensorcelled Hibernat  Hex/Ice        #####.       1%          2    None
c - Confuse               Hex            ######..     1%          3    None
d - Sure Blade            Hex/Chrm       #####.....   1%          2    None
e - Enslavement           Hex            ######..     1%          4    None
f - Invisibility          Hex            ######..     2%          6    #####..
g - Blink                 Tloc           N/A          6%          2    None
h - Silence               Hex/Air        #####.....   8%          5    #......


Dungeon Overview and Level Annotations

Branches:
Dungeon (1/1)

Altars:
Ashenzari
Cheibriados
Dithmenos
Elyvilon
Fedhas
Kikubaaqudgha
Makhleb
Nemelex Xobeh
Okawaru
Sif Muna
Trog
Vehumet
Xom
Yredelemnul
Zin
The Shining One

Annotations:
D Gastronok, Psyche


Innate Abilities, Weirdness & Mutations

You are tiny and cannot use many weapons and most armour.
You have supernaturally acute eyesight.
You are a herbivore.
You cover ground extremely quickly.
You need consume almost no food.


Message History

Gastronok is severely wounded.
Gastronok bites you!
Casting: Sure Blade
Confirm with . or Enter, or press ? or * to list all spells.
A profound silence engulfs you.
You hit Gastronok but do no damage. You drain Gastronok!
Gastronok is severely wounded.
The bond with your blade fades away.
You hit Gastronok. You drain Gastronok!
Gastronok is almost dead.
Gastronok completely misses you.
You hit Gastronok.
Gastronok is almost dead.
You hit Gastronok. You drain Gastronok!
Gastronok is almost dead.
You hit Gastronok.
Gastronok is almost dead.
Gastronok bites you!
Ouch! That really hurt!
You die...

▓▓▓▓▓▓▓▓▓▓▓▓▓▓▓
......@j@.....▓
▓▓▓▓▓▓▓▓▓▓▓▓▓▓▓▓▓▓▓▓▓.▓
.......('%..[[[..'....▓
▓▓▓▓▓▓▓▓▓▓▓▓▓▓▓▓▓▓▓▓▓▓▓
......................▓
▓▓▓▓▓▓▓▓▓▓▓▓▓▓▓▓▓▓▓▓▓.▓
[.)'))....'%.....'....▓
▓▓▓▓▓▓▓▓▓▓▓▓▓▓▓▓▓▓▓▓▓▓▓


You could see Gastronok and Psyche.

Vanquished Creatures
  3 death yaks (D)
  A catoblepas (D)
  Erolcha (D)
  A hill giant (D)
  A gargoyle (D)
  2 spiny frogs (D)
  A troll (D)
  A komodo dragon (D)
  A basilisk (D)
  5 yaks (D)
  2 porcupines (D)
  A water moccasin (D)
  A wolf (D)
  A sky beast (D)
  A spider (shapeshifter) (D)
  An orc warrior (D)
  A crocodile (D)
  A centaur (D)
  A giant frog (D)
  A killer bee (D)
  A hound (D)
  An iguana (D)
  A worker ant (D)
  A sheep (D)
  2 adders (D)
  A giant eyeball (D)
  2 goblins (D)
  A hobgoblin (D)
  2 jackals (D)
  A quokka (D)
  A bat (D)
  A giant newt (D)
  A giant newt skeleton (D)
  A hobgoblin skeleton (D)
  A kobold (D)
  2 rats (D)
48 creatures vanquished.

Vanquished Creatures (collateral kills)
  A catoblepas (D)
1 creature vanquished.

Grand Total: 49 creatures vanquished

Notes
Turn   | Place    | Note
--------------------------------------------------------------
     0 | D        | BluebellGnoll, the Spriggan Enchanter, began the quest for the Orb.
     0 | D        | Reached XP level 1. HP: 9/9 MP: 4/4
    18 | D        | Reached skill level 4 in Stealth
    19 | D        | Reached skill level 5 in Stealth
    25 | D        | Reached skill level 6 in Stealth
   194 | D        | Reached XP level 2. HP: 7/13 MP: 7/7
   202 | D        | Reached skill level 7 in Stealth
   221 | D        | Learned a level 2 spell: Ensorcelled Hibernation
   221 | D        | Found an iron altar of Okawaru.
   221 | D        | Found a basalt altar of Yredelemnul.
   221 | D        | Found a radiant altar of Vehumet.
   221 | D        | Found a blossoming altar of Fedhas.
   221 | D        | Found a deep blue altar of Sif Muna.
   221 | D        | Found a shadowy altar of Dithmenos.
   221 | D        | Found a snail-covered altar of Cheibriados.
   222 | D        | Found a shimmering altar of Xom.
   223 | D        | Found a burning altar of Makhleb.
   224 | D        | Found a bloodstained altar of Trog.
   225 | D        | Found a glowing silver altar of Zin.
   226 | D        | Found a white marble altar of Elyvilon.
   227 | D        | Found a shattered altar of Ashenzari.
   228 | D        | Found an ancient bone altar of Kikubaaqudgha.
   230 | D        | Became a worshipper of Sif Muna the Loreminder
   232 | D        | Found a sparkling altar of Nemelex Xobeh.
   233 | D        | Found a glowing golden altar of the Shining One.
   234 | D        | Found a blossoming altar of Fedhas.
   235 | D        | Found a burning altar of Makhleb.
   364 | D        | Noticed a sky beast
   364 | D        | Noticed a killer bee
   364 | D        | Noticed a centaur
   364 | D        | Noticed a gargoyle
   364 | D        | Noticed a hill giant
   366 | D        | Killed a sky beast
   366 | D        | Reached skill level 13 in Stealth
   366 | D        | Reached XP level 3. HP: 16/16 MP: 9/9
   366 | D        | Reached XP level 4. HP: 21/21 MP: 12/12
   373 | D        | Learned a level 3 spell: Confuse
   376 | D        | Learned a level 2 spell: Sure Blade
   380 | D        | Killed a killer bee
   380 | D        | Acquired Sif Muna's first power
   380 | D        | Reached skill level 5 in Hexes
   380 | D        | Reached XP level 5. HP: 24/24 MP: 10/18
   384 | D        | Killed a centaur
   384 | D        | Acquired Sif Muna's second power
   395 | D        | Killed a hill giant
   395 | D        | Acquired Sif Muna's third power
   395 | D        | Reached XP level 6. HP: 28/28 MP: 3/27
   395 | D        | Reached XP level 7. HP: 32/32 MP: 3/28
   396 | D        | Killed a gargoyle
   396 | D        | Received a gift from Sif Muna
   399 | D        | Identified Sif Muna's Compendium of Frigorific Enchantment (Sif Muna gifted it to you in the Dungeon)
   413 | D        | Learned a level 4 spell: Enslavement
   420 | D        | Learned a level 6 spell: Invisibility
   521 | D        | Noticed a troll
   521 | D        | Noticed a boggart
   521 | D        | Noticed a worker ant
   521 | D        | Noticed an orc warrior
   523 | D        | Killed a troll
   523 | D        | Reached skill level 15 in Stealth
   523 | D        | Reached XP level 8. HP: 36/36 MP: 28/31
   523 | D        | a boggart changed into a spider
   525 | D        | Paralysed by a giant eyeball for 2 turns
   528 | D        | Paralysed by a giant eyeball for 2 turns
   549 | D        | Killed a worker ant
   549 | D        | Reached skill level 16 in Stealth
   555 | D        | Killed an orc warrior
   664 | D        | Noticed Erolcha
   675 | D        | Killed Erolcha
   675 | D        | Reached skill level 19 in Stealth
   726 | D        | Identified the Guide on Dislocation (You found it in the Dungeon)
   730 | D        | Learned a level 2 spell: Blink
   738 | D        | Noticed a water moccasin
   738 | D        | Noticed a komodo dragon
   738 | D        | Noticed an iguana
   738 | D        | Noticed a porcupine
   738 | D        | Noticed a hound
   738 | D        | Noticed a crocodile
   740 | D        | Killed a water moccasin
   740 | D        | Reached skill level 5 in Dodging
   740 | D        | Reached XP level 9. HP: 39/39 MP: 23/32
   741 | D        | Noticed a yak
   742 | D        | Killed a komodo dragon
   748 | D        | Killed an iguana
   751 | D        | Killed a porcupine
   753 | D        | Killed a hound
   753 | D        | Reached skill level 10 in Dodging
   758 | D        | Killed a crocodile
   766 | D        | Killed a yak
   769 | D        | Noticed a porcupine
   769 | D        | Noticed a spiny frog
   769 | D        | Noticed a basilisk
   769 | D        | Noticed a spiny frog
   769 | D        | Noticed a yak
   770 | D        | Noticed a giant frog
   771 | D        | Killed a porcupine
   772 | D        | Noticed a wolf
   773 | D        | Killed a spiny frog
   775 | D        | Killed a basilisk
   777 | D        | Killed a spiny frog
   777 | D        | Reached skill level 5 in Short Blades
   779 | D        | Killed a yak
   785 | D        | Killed a giant frog
   789 | D        | Killed a wolf
   792 | D        | Noticed a catoblepas
   792 | D        | Noticed a yak
   792 | D        | Noticed a death yak
   792 | D        | Noticed a death yak
   792 | D        | Noticed a yak
   792 | D        | Noticed a yak
   792 | D        | Noticed a catoblepas
   793 | D        | Noticed a death yak
   794 | D        | Killed a catoblepas
   794 | D        | Reached XP level 10. HP: 37/44 MP: 15/34
   796 | D        | Killed a yak
   798 | D        | Killed a death yak
   798 | D        | Received a gift from Sif Muna
   798 | D        | Reached skill level 15 in Spellcasting
   889 | D        | Killed a yak
  1013 | D        | Killed a catoblepas
  1013 | D        | Reached skill level 10 in Short Blades
  1026 | D        | a death yak (ally) was killed
  1034 | D        | Killed a death yak
  1036 | D        | Killed a yak
  1085 | D        | Learned a level 5 spell: Silence
  1195 | D        | Noticed Psyche
  1195 | D        | Noticed Gastronok
  1207 | D        | Slain by Gastronok

Action                   |  1- 3 |  4- 6 |  7- 9 | 10-12 || total
-------------------------+-------+-------+-------+-------++-------
Melee: Dagger            |    36 |       |       |       ||    36
       Cutlass           |     1 |     3 |    35 |    11 ||    50
 Cast: Sure Blade        |       |     1 |     5 |     2 ||     8
       Confuse           |       |     3 |     5 |     3 ||    11
       Ensorcelled Hiber |       |       |     7 |     3 ||    10
       Invisibility      |       |       |     1 |       ||     1
       Enslavement       |       |       |       |     5 ||     5
       Silence           |       |       |       |     1 ||     1
Evoke: Wand              |       |     3 |     2 |       ||     5
  Use: Potion            |       |     1 |       |       ||     1
 Stab: Sleeping          |     1 |     1 |    19 |     5 ||    26
       Confused          |       |     1 |     2 |     1 ||     4
       Invisible         |       |       |     1 |       ||     1
